 Dungeon Crawl Stone Soup version 0.31-a0-875-g02e7d12df6 (webtiles) character file.

Game seed: 16878963396411849496

146 Azuregosa the Gusty (level 5, 0/45 HPs)
             Began as a Troll Air Elementalist on Oct 12, 2023.
             Was an Initiate of Nemelex Xobeh.
             Slain by a gnoll
             ... wielding a +0 club
              (3 damage)
             ... on level 3 of the Dungeon.
             The game lasted 00:11:54 (1963 turns).

Azuregosa the Gusty (Troll Air Elementalist)        Turns: 1963, Time: 00:11:55

Health: 0/45       AC:  4    Str: 20    XL:     5   Next: 7%
Magic:  7/7        EV:  9    Int: 13    God:    Nemelex Xobeh [......]
Gold:   10         SH:  0    Dex: 10    Spells: 7/8 levels left

rFire   . . .        o - +3 whip "Yntu" {heavy, rPois Str+4}
rCold   . . .        (no shield)
rNeg    . . .        a - +0 robe
rPois   +            (helmet restricted)
rElec   .            (no cloak)
rCorr   .            (gloves unavailable)
SInv    +            (boots unavailable)
Will    .....        m - amulet of faith
Stlth   +            j - ring of see invisible
HPRegen 1.07/turn    (no ring)
MPRegen 0.10/turn

%: faith
@: no status effects
A: large, unfitting armour, claws 3, regeneration 1, shaggy fur 1, tough skin 1
a: Renounce Religion, Draw Escape, Draw Destruction, Draw Summoning


You were on level 3 of the Dungeon.
You worshipped Nemelex Xobeh.
Nemelex Xobeh was noncommittal.
You visited 1 branch of the dungeon, and saw 4 of its levels.
You also visited: Sewer.

You collected 122 gold pieces.
You spent 112 gold pieces at shops.

Inventory:

Hand Weapons
 o - the +3 whip "Yntu" (weapon) {heavy, rPois Str+4}
   (You found it on level 4 of the Dungeon)

   Str+4:     It affects your strength (+4).
   rPois:     It protects you from poison
Missiles
 c - 2 poisoned darts
Armour
 a - a +0 robe (worn)
Jewellery
 j - a ring of see invisible (left claw)
 k - an amulet of magic regeneration
 m - an amulet of faith (around neck)
Talismans
 l - a blade talisman
Scrolls
 d - 6 scrolls of identify {unknown}
 e - 3 scrolls of enchant armour {unknown}
 g - 2 scrolls of noise {unknown}
 h - a scroll of amnesia {unknown}
 i - 4 scrolls of blinking {unknown}
Potions
 b - a potion of magic
 f - a potion of haste {unknown}
 n - a potion of enlightenment {unknown}
 p - a potion of berserk rage {unknown}
 q - a potion of might {unknown}
 r - a potion of degeneration {unknown}
 u - a potion of mutation {unknown}


   Skills:
 + Level 1.0 Maces & Flails
 - Level 1.5 Dodging
 - Level 1.0 Stealth
 + Level 2.2 Spellcasting
 - Level 0.6 Conjurations
 * Level 3.0 Air Magic
 - Level 1.1 Invocations


You had 7 spell levels left.
You knew the following spells:

 Your Spells              Type           Power      Damage    Failure   Level
a - Shock                 Conj/Air       24%        1d4       12%         1

Your spell library contained the following spells:

 Spells                   Type           Power      Damage    Failure   Level
 Static Discharge         Conj/Air       12%        2-3/arc   19%         2
 Swiftness                Air            9%         N/A       22%         3
 Necrotise                Necr           4%         1d4       26%         1
 Vampiric Draining        Necr           1%         2d6       58%         3
 Airstrike                Air            4%         2d(1-17)  58%         4
 Agony                    Necr           1%         N/A       100%        5
 Simulacrum               Ice/Necr       0%         N/A       100%        6
 Ozocubu's Refrigeration  Ice            0%         4d7       100%        7
 Polar Vortex             Ice            0%         N/A       100%        9


Dungeon Overview and Level Annotations

Branches:
Dungeon (4/15)             Temple (0/1) D:4           Sewer (visited)

Altars:
Nemelex Xobeh

Shops:
D:4 !


Innate Abilities, Weirdness & Mutations

You are too large for most types of armour.
You have claws for hands.
Your natural rate of healing is unusually fast.
You are covered in fur. (AC +1)
You have tough skin. (AC +1)


Message History

The gnoll barely misses you.
You barely miss the gnoll.
The gnoll is heavily wounded.
The gnoll hits you but does no damage. The gnoll hits you with a +0 club.
The gnoll hits you from afar with a +0 spear.
* * * LOW HITPOINT WARNING * * *
You closely miss the gnoll.
The gnoll is heavily wounded.
The gnoll closely misses you.
The gnoll hits you from afar with a +0 spear.
* * * LOW HITPOINT WARNING * * *
The gnoll hits you with a +0 club.
* * * LOW HITPOINT WARNING * * *
The gnoll hits you from afar with a +0 spear.
* * * LOW HITPOINT WARNING * * *
You feel better. The gnoll barely misses you. The gnoll closely misses you.
Casting: Shock (safe; 12% risk of failure)
Confirm with . or Enter, or press ? or * to list all spells.
Aiming: Shock (safe; 12% risk of failure)
Press: ? - help, Shift-Dir - straight line The zap misses the gnoll.
The zap misses the goblin.
The zap hits the goblin.
The goblin is heavily wounded.
The gnoll closely misses you.
The gnoll hits you from afar with a +0 spear.
* * * LOW HITPOINT WARNING * * *
You closely miss the gnoll.
The gnoll is heavily wounded.
The gnoll hits you with a +0 club.
* * * LOW HITPOINT WARNING * * *
The gnoll barely misses you.
You closely miss the gnoll.
The gnoll is heavily wounded.
The gnoll hits you with a +0 club.
* * * LOW HITPOINT WARNING * * *
The gnoll closely misses you. The gnoll barely misses you.
The gnoll closely misses you. The gnoll attacks as it pursues you!
The gnoll closely misses you. The gnoll attacks as it pursues you!
The gnoll hits you with a +0 club.
You die...
Your body disappears without a glow.

#......# #......# #......###+##
#รท..........# ')..........#
#(..........## #.........
#...#........#########
#.........
#...........g##......# .........
#.....)..###gg'g@....# #........
#...........###......####.......
........[...###...............
...........##.####........#.#
....####...#.#.###.........>#
.... #...####.##........#......
.... #.... ##.#........#......
... ###### #...########......
##### #......


You could see 3 gnolls and a goblin.

Vanquished Creatures
  A gnoll (D:3)
  8 adders
  2 worms (D:4)
  A dart slug (D:1)
  An orc (D:4)
  4 endoplasms
  2 giant cockroaches (D:2)
  3 goblins
  5 hobgoblins
  8 kobolds
  2 quokkas
  4 ball pythons
  5 bats
  7 frilled lizards
  10 rats
63 creatures vanquished.

Notes
Turn   | Place    | Note
-------+----------+-------------------------------------------
     0 | D:1      | Azuregosa the Troll Air Elementalist began the quest for
                  | the Orb.
     0 | D:1      | Reached XP level 1. HP: 16/16 MP: 1/1
   112 | D:1      | Reached XP level 2. HP: 24/24 MP: 1/3
   529 | D:1      | Reached XP level 3. HP: 31/31 MP: 4/4
   855 | D:2      | Found a sparkling altar of Nemelex Xobeh.
   859 | D:3      | Noticed a wight
   859 | D:3      | Noticed a wight
   859 | D:3      | Noticed a wight
   860 | D:3      | Noticed a wight
   866 | D:2      | Became a worshipper of Nemelex Xobeh the Trickster
  1348 | D:2      | Found a faded altar of an unknown god.
  1449 | D:4      | Found a staircase to the Ecumenical Temple.
  1454 | D:4      | Reached skill level 1 in Invocations
  1454 | D:4      | Reached XP level 4. HP: 38/38 MP: 6/6
  1466 | D:4      | Found a glowing drain.
  1489 | D:4      | Identified the +3 whip "Yntu" {heavy, rPois Str+4}
  1508 | Sewer    | Entered a sewer
  1877 | D:4      | Found Azeerph's Distillery.
  1880 | D:4      | Bought a potion of heal wounds for 70 gold pieces
  1880 | D:4      | Bought a potion of curing for 42 gold pieces
  1954 | D:3      | Reached skill level 1 in Maces & Flails
  1954 | D:3      | Reached skill level 3 in Air Magic
  1954 | D:3      | Reached XP level 5. HP: 22/45 MP: 7/7
  1957 | D:3      | HP: 1/45 [gnoll/+0 spear (5)]
  1963 | D:3      | Slain by a gnoll

Illustrated notes

Levels and vault maps discovered:
D:1:      sevenhm_arrival_forest_fort_small_3, layout_loops_ring,
          minmay_misc_feat_diagonals
D:2:      layout_basic, basic_altar, hellmonk_ecumenical_altar_inner_sanctum,
          chequers_serial_rivers_micro_a, st_stairs_9, corner_web_ring
D:3:      layout_basic, serial_shops, shop, amethyst_killhole
D:4:      layout_basic, minmay_temple_entry_overgrown, serial_shops,
          nicolae_shop_behind_doors, cheibrodos_sewer_entry_drain, uniq_grinder

Skill      XL: |  1  2  3  4 |
---------------+-------------+-----
Spellcasting   | 2 |  2.2
Invocations    | 1 |  1.1
Maces & Flails | 1 |  1.0
Air Magic      | 3 |  3.0
Dodging        | |  1.5
Stealth        | |  1.0
Conjurations   | |  0.6

Action                     |  1- 3 |  4- 6 || total
---------------------------+-------+-------++-------
  Melee: Unarmed           |   114 |    12 ||   126
         Whip              |       |    61 ||    61
   Cast: Shock             |       |     1 ||     1
    Use: Potion            |       |     2 ||     2
   Stab: Sleeping          |     2 |     2 ||     4
 Armour: Robe              |    73 |    84 ||   157
  Dodge: Dodged            |    58 |    68 ||   126

Table legend: (Time is in decaauts)
 A = Elapsed time spent in this place.
 B = Non-inter-level travel time spent in this place.
 C = Inter-level travel time spent in this place.
 D = Time resting spent in this place.
 E = Time spent auto-exploring this place.
 F = Levels seen in this place.
 G = Mean time per level.
                   A        B        C        D        E       F      G
               +--------+--------+--------+--------+--------+-----+--------+
         Total |   2000 |   2000 |      0 |     52 |   1149 |   5 |  400.0 |
       Dungeon |   1613 |   1613 |      0 |     37 |    962 |   4 |  403.2 |
         Sewer |    387 |    387 |      0 |     15 |    187 |   1 |  387.0 |
               +--------+--------+--------+--------+--------+-----+--------+

Top non-repeatable levels by time:
     D:2: 712 daAuts
     D:1: 668 daAuts
   Sewer: 387 daAuts
     D:3: 130 daAuts
     D:4: 102 daAuts
